Map: Fracture LE

Players

Reynor

  • Race: Zerg Zerg
  • Spawn Location: 11:00

Neeb - Winner!

  • Race: Protoss Protoss
  • Spawn Location: 5:00

Event: WCS Montreal 2018

VOD

Have the link to the VOD?

Description

Time

  • Played on: Sept. 8, 2018, 5:09 p.m.
  • Length: 10:41

All games in this series

Show
View Real Time Build Order
Export as new Build Order

Reynor Zerg 

Build Orders: Pool First 

Get SALT Encoding   

  12  0:00  Drone  
  13  0:12  Overlord  
  13  0:16  Drone  
  14  0:30  Drone  
  14  0:31  Drone  
  14  0:34  Drone  
  17  0:46  Drone  
  17  0:47  Extractor  
  17  0:50  Spawning Pool  
  17  0:56  Drone  
  17  1:17  Hatchery  
  16  1:21  Drone  
  17  1:27  Drone  
  18  1:38  Zergling x4  
  20  1:43  Queen  
  22  1:54  Metabolic Boost  
  22  1:58  Overlord  
  22  2:17  Drone x2  
  22  2:21  Queen  
  26  2:29  Drone x2  
  28  2:34  Queen  
  28  2:36  Zergling x2  
  31  2:40  Zergling x2  
  31  2:43  Overlord  
  32  2:50  Zergling x2  
  32  2:54  Drone x3  
  32  2:57  Overlord  
  35  3:03  Drone  
  35  3:05  Spore Crawler  
  35  3:09  Zergling x2  
  35  3:12  Drone  
  37  3:24  Hatchery  
  37  3:26  Drone x2  
  38  3:29  Drone  
  38  3:31  Drone x2  
  38  3:33  Drone  
  42  3:35  Drone  
  42  3:40  Overlord  
  42  3:48  Drone x3  
  43  3:49  Drone  
  45  3:56  Extractor  
  45  3:57  Drone  
  45  3:58  Roach Warren  
  45  4:01  Drone x2  
  46  4:07  Overlord  
  46  4:09  Drone  
  48  4:10  Drone  
  48  4:15  Drone, Queen  
  52  4:24  Drone x4  
  55  4:31  Overlord  
  55  4:35  Overlord  
  55  4:39  Drone  
  55  4:40  Drone x3  
  55  4:43  Drone  
  60  4:47  Overlord  
  60  4:48  Drone x3  
  63  4:56  Roach x2  
  63  4:59  Roach x4  
  74  5:03  Roach  
  74  5:05  Drone  
  74  5:06  Extractor  
  74  5:07  Lair  
  74  5:09  Zergling x2  
  74  5:12  Drone  
  76  5:16  Drone x3  
  76  5:17  Zergling x2  
  76  5:19  Overlord  
  80  5:22  Ravager x2  
  80  5:24  Zergling x6  
  80  5:25  Zergling x2  
  80  5:28  Zergling x2  
  87  5:31  Overlord  
  87  5:33  Extractor  
  86  5:36  Zergling x6, Evolution Chamber  
  86  5:38  Ravager  
  86  5:40  Drone  
  86  5:41  Drone  
  91  5:43  Drone  
  91  5:48  Drone x2  
  91  5:49  Ravager  
  95  5:50  Zergling x4  
  95  5:52  Drone  
  95  5:53  Drone  
  95  5:56  Extractor  
  98  6:03  Overlord  
  98  6:10  Overlord  
  98  6:12  Zergling x10  
  98  6:13  Zergling x2  
  98  6:14  Zergling x4  
  98  6:16  Drone, Overlord  
  98  6:17  Drone  
  104  6:21  Glial Reconstitution  
  104  6:23  Drone, Zerg Melee Weapons Level 1  
  103  6:29  Roach x2  
  103  6:30  Drone x3  
  109  6:34  Overseer  
  109  6:36  Roach x3  
  115  6:40  Hatchery  
  115  6:44  Roach  
  115  6:46  Overlord  
  116  6:47  Extractor  
  116  6:49  Hydralisk Den  
  116  6:50  Drone  
  116  6:53  Drone x2  
  116  6:54  Overlord  
  117  7:00  Drone x2  
  117  7:01  Drone, Overlord  
  119  7:18  Roach x5  
  119  7:19  Roach x3  
  119  7:22  Roach x4  
  141  7:29  Spore Crawler, Roach x2  
  133  7:30  Spore Crawler  
  133  7:33  Roach x5  
  141  7:37  Roach x2  
  141  7:41  Lair, Roach x2  
  138  7:46  Roach  
  133  8:00  Ravager x3  
  136  8:09  Hatchery  
  136  8:10  Drone x2  
  137  8:13  Ravager  
  137  8:20  Roach x5  
  147  8:29  Roach x2  
  147  8:30  Roach  
  153  8:35  Overlord  
  153  8:37  Overlord  
  144  8:41  Overlord  
  144  8:46  Overlord  
  144  8:48  Roach x3  
  130  8:51  Ravager x3  
  130  8:52  Overlord  
  130  8:53  Roach  
  129  8:58  Zergling x2  
  129  8:59  Zergling x6  
  120  9:03  Zergling x2  
  120  9:04  Zergling x4  
  114  9:10  Zergling x4  
  114  9:14  Queen  
  99  9:17  Hydralisk  
  99  9:22  Hydralisk  
  89  9:27  Lair  
  89  9:29  Zergling x2  
  89  9:30  Zergling x2  
  73  9:37  Zergling x6  
  72  9:39  Queen  
  72  9:41  Zergling x4  
  73  9:49  Queen  
  73  9:51  Hydralisk x2  
  53  10:00  Spore Crawler  
  53  10:01  Zergling x2  
  53  10:02  Zergling x2  
  53  10:03  Zergling x12  
  50  10:10  Spore Crawler  
  50  10:11  Hydralisk  
  44  10:15  Zergling x4  
  46  10:24  Zergling x2  
Show
View Real Time Build Order
Export as new Build Order

Neeb Protoss - Winner!

Build Orders: 1 Gate Expand 

Get SALT Encoding   

  12  0:00  Probe  
  13  0:12  Probe  
  14  0:17  Pylon  
  14  0:24  Probe  
  15  0:32  Probe  
  15  0:39  Gateway  
  15  0:40  Probe  
  16  0:48  Assimilator  
  17  0:51  Probe  
  18  1:03  Probe  
  19  1:15  Probe  
  20  1:25  Nexus  
  20  1:36  Cybernetics Core  
  20  1:37  Probe  
  21  1:42  Assimilator  
  21  1:49  Probe  
  21  1:52  Pylon  
  22  2:01  Probe  
  22  2:03  Adept  
  23  2:13  Probe  
  23  2:14  Warp Gate  
  26  2:22  Adept  
  26  2:25  Probe  
  26  2:29  Robotics Facility  
  27  2:36  Probe  
  30  2:38  Probe  
  31  2:48  Probe  
  31  2:50  Probe  
  33  2:51  Sentry  
  35  3:00  Probe  
  35  3:02  Probe  
  37  3:07  Immortal  
  35  3:13  Probe  
  35  3:14  Probe  
  41  3:24  Pylon  
  41  3:25  Probe  
  41  3:26  Probe  
  43  3:35  Gateway  
  43  3:37  Gateway  
  43  3:39  Probe  
  43  3:41  Probe  
  43  3:49  Sentry, Observer  
  43  3:51  Probe  
  43  3:54  Assimilator  
  43  3:55  Probe, Assimilator  
  48  4:02  Pylon  
  48  4:03  Probe  
  48  4:07  Probe  
  48  4:08  Forge  
  50  4:15  Probe  
  51  4:19  Immortal, Probe  
  56  4:25  Pylon  
  56  4:27  Probe  
  58  4:31  Probe  
  58  4:32  Sentry x2  
  58  4:38  Pylon  
  62  4:39  Pylon  
  62  4:41  Protoss Ground Weapons Level 1  
  62  4:43  Probe  
  62  4:45  Stalker  
  65  4:53  Twilight Council  
  63  5:07  Nexus  
  63  5:09  Zealot  
  65  5:19  Gateway  
  65  5:20  Immortal, Gateway  
  65  5:21  Gateway  
  65  5:27  Charge  
  65  5:35  Dark Shrine  
  69  5:45  Pylon  
  69  5:49  Zealot x2  
  73  5:53  Zealot  
  75  6:03  Gateway  
  75  6:04  Gateway  
  75  6:05  Probe x2  
  77  6:11  Zealot x2  
  77  6:17  Probe  
  78  6:20  Probe  
  78  6:22  Zealot  
  78  6:27  Warp Prism  
  78  6:29  Zealot  
  81  6:52  Dark Templar x4  
  89  6:56  Dark Templar  
  89  7:00  Dark Templar  
  93  7:15  Dark Templar x2  
  97  7:17  Observer  
  98  7:23  Probe x2  
  98  7:24  Gateway  
  98  7:34  Zealot x3  
  104  7:38  Warp Prism  
  106  7:49  Dark Templar x2  
  108  7:52  Pylon  
  108  7:53  Pylon  
  108  7:57  Pylon  
  108  8:00  Archon x4  
  108  8:01  Archon  
  108  8:12  Dark Templar x2, Zealot x4  
  118  8:13  Pylon  
  116  8:27  Dark Templar, Zealot  
  116  8:34  Dark Templar  
  116  8:35  Dark Templar  
  98  8:45  Probe x2  
  86  8:48  Dark Templar, Zealot  
  86  8:49  Zealot x3  
  88  9:08  Zealot x2  
  86  9:10  Zealot  
  78  9:18  Archon  
  58  9:38  Zealot x4  
  46  10:03  Dark Templar x3  
  40  10:22  Zealot  
  40  10:23  Zealot x2  
  40  10:25  Archon  
  40  10:39  Dark Templar x2  
Tags
 
Add a new tag
Caveats
  • Supply blocks, unpowered buildings, or Contaminate may cause inaccurate times.
  • Supply counts are checked every 10 seconds.